 Dungeon Crawl Stone Soup version 0.31-a0-691-g409c26aa35 (webtiles) character file.

Game seed: 15838606748373022689

28198 randomguy2701 the Severer (level 13, -2/115 (122) HPs)
             Began as a Hill Orc Fighter on Sept 7, 2023.
             Was a High Priest of Beogh.
             Slain by a two-headed ogre
             ... wielding a +0 giant club of flaming
              (5 damage)
             ... in a volcano.
             The game lasted 00:37:05 (15260 turns).

randomguy2701 the Severer (Hill Orc Fighter)       Turns: 15260, Time: 00:37:07

HP:   -2/115 (122)  AC: 18    Str: 28    XL:     13   Next: 37%
MP:   19/19         EV:  9    Int:  8    God:    Beogh [*****.]
Gold: 1124          SH:  7    Dex: 17    Spells: 12/12 levels left

rFire   . . .        y - +0 war axe (drain)
rCold   . . .        c - +0 buckler
rNeg    . . .        L - +0 plate armour
rPois   .            (no helmet)
rElec   .            (no cloak)
rCorr   .            b - +1 Delatra's gloves {ID++}
SInv    .            (no boots)
Will    +....        J - amulet of regeneration Stlth
                     C - ring "Bunliz" {Will+ Dex+5 Stlth+}
HPRegen 1.19/turn    w - +6 ring of strength
MPRegen 0.16/turn

%: no passive effects
@: mighty, drained
A: walk on water
a: Renounce Religion, Smiting, Recall Orcish Followers, Give Item to Named
Follower


You were in a volcano.
You worshipped Beogh.
Beogh was extremely pleased with you.
You visited 2 branches of the dungeon, and saw 15 of its levels.
You also visited: Ossuary, Bailey and Volcano.

You collected 1124 gold pieces.

Inventory:

Hand Weapons
 y - a +0 war axe of draining (weapon)
Missiles
 g - a throwing net
Armour
 b - the +1 Delatra's gloves (worn) {ID++}
   (You found it on level 7 of the Dungeon)

   ID++:      It heals its wearer when they drink unknown potions, and restores
   their MP when they read unknown scrolls.
 c - a +0 buckler (worn)
 K - a +2 pair of gloves
 L - a +0 plate armour (worn)
 N - a scarf of shadows
Jewellery
 m - a +6 ring of dexterity
 t - an amulet of guardian spirit
 u - a ring of ice
 w - a +6 ring of strength (right hand)
 C - the ring "Bunliz" (left hand) {Will+ Dex+5 Stlth+}
   (You found it in an ossuary)

   [ring of willpower]

   Dex+5:     It affects your dexterity (+5).
   Will+:     It increases your willpower.
   Stlth+:    It makes you more stealthy.
 J - an amulet of regeneration (around neck)
 S - an amulet of reflection
 V - a ring of willpower
 X - a +6 ring of intelligence
Wands
 x - a wand of paralysis (4)
 M - a wand of digging (7)
 R - a wand of mindburst (9)
 W - a wand of iceblast (4)
Scrolls
 e - 10 scrolls of teleportation {unknown}
 f - 4 scrolls of revelation {unknown}
 h - 3 scrolls of immolation {unknown}
 j - 12 scrolls of identify {unknown}
 o - 4 scrolls of poison {unknown}
 p - a scroll of fear {unknown}
 q - 8 scrolls of enchant armour
 s - 2 scrolls of amnesia {unknown}
 v - a scroll of noise {unknown}
 A - 4 scrolls of fog {unknown}
 F - 6 scrolls of enchant weapon
 G - 2 scrolls of vulnerability {unknown}
 H - 3 scrolls of summoning
 T - a scroll of torment {unknown}
 U - 2 scrolls of blinking {unknown}
 Y - a scroll of silence {unknown}
Potions
 a - a potion of ambrosia {unknown}
 i - a potion of heal wounds
 k - 10 potions of degeneration
 l - 7 potions of curing
 n - 5 potions of brilliance {unknown}
 r - a potion of resistance {unknown}
 z - 2 potions of mutation {unknown}
 B - 2 potions of lignification {unknown}
 D - 2 potions of berserk rage {unknown}
 E - 9 potions of haste
 I - a potion of attraction {unknown}
 O - a potion of invisibility {unknown}
 P - 2 potions of experience {unknown}
 Q - a potion of enlightenment {unknown}


   Skills:
 + Level 13.1 Fighting
 + Level 16.8 Axes
 + Level 12.1 Armour
 + Level 2.4 Dodging
 + Level 1.9 Stealth
 + Level 9.0 Shields
 * Level 8.0 Invocations
 + Level 0.4 Evocations


You had 12 spell levels left.
You didn't know any spells.
Your spell library contained the following spells:

 Spells                   Type           Power      Damage    Failure   Level
 Shock                    Conj/Air       0%         1d3       98%         1
 Cigotuvi's Dreadful Rot  Necr/Pois/Air  0%         N/A       99%         2
 Ensorcelled Hibernation  Hex/Ice        0%         N/A       99%         2
 Passwall                 Tmut/Erth      0%         N/A       99%         2
 Static Discharge         Conj/Air       0%         2-2/arc   99%         2
 Gell's Gravitas          Tloc           0%         N/A       100%        3
 Ignite Poison            Fire/Tmut/Pois 0%         N/A       100%        3
 Inner Flame              Hex/Fire       0%         N/A       100%        3
 Portal Projectile        Hex/Tloc       0%         N/A       100%        3
 Swiftness                Air            0%         N/A       100%        3
 Teleport Other           Tloc           0%         N/A       100%        3
 Tukima's Dance           Hex            0%         N/A       100%        3
 Airstrike                Air            0%         2d(0-16)  100%        4
 Flame Wave               Conj/Fire      0%         2d4       100%        4
 Iskenderun's Mystic Bla  Conj/Tloc      0%         2d3       100%        4
 Passage of Golubria      Tloc           0%         N/A       100%        4
 Sticky Flame             Conj/Fire      0%         2d3       100%        4
 Summon Lightning Spire   Summ/Air       0%         N/A       100%        4
 Freezing Cloud           Conj/Ice/Air   0%         6-21      100%        5
 Silence                  Hex/Air        0%         N/A       100%        5
 Dispersal                Tloc           0%         N/A       100%        6
 Simulacrum               Ice/Necr       0%         N/A       100%        6
 Ozocubu's Refrigeration  Ice            0%         4d7       100%        7
 Lehudib's Crystal Spear  Conj/Erth      0%         10d2      100%        8
 Polar Vortex             Ice            0%         N/A       100%        9


Dungeon Overview and Level Annotations

Branches:
Dungeon (11/15)            Temple (0/1) D:5            Lair (4/5) D:11
 Shoals (0/4) Lair:2        Snake (0/4) Lair:2        Slime (0/5) Lair:4
    Orc (0/2) D:9         Ossuary (visited)          Bailey (visited)
Volcano (1/1)

Altars:
Gozag
Trog
Uskayaw
Vehumet
Beogh
Jiyva

Shops:
D:9 ?*   D:10 *

Annotations:
D:7 2 transporters, Eugor's ghost, novice DECj
D:10 3 runed translucent doors, Lemondrips's ghost, journeyman DsSh
Lair:3 3 runed translucent doors, Joey1's ghost, journeyman MiBe


Message History

The mass of ice explodes!
The iceblast engulfs the ogre mage!
The ogre mage is moderately wounded.
You hear two shouts! x5
Something unseen opens the large door. x2
A two-headed ogre comes into view.
It is wielding two +0 giant clubs of flaming. x2
You feel much better.
Unknown command.
A two-headed ogre comes into view.
It is wielding two +1 great maces of flaming.
You barely miss the two-headed ogre.
The two-headed ogre hits you with a +0 giant club of flaming!!
The two-headed ogre burns you.
The two-headed ogre hits you with a +0 giant club of flaming!
The two-headed ogre burns you.
You completely miss the two-headed ogre.
You hit the two-headed ogre but do no damage.
You drain the two-headed ogre.
The two-headed ogre is lightly wounded.
The two-headed ogre hits you with a +0 giant club of flaming!!
The two-headed ogre burns you! The two-headed ogre closely misses you.
You barely miss the two-headed ogre.
The two-headed ogre is lightly wounded.
You feel much better. The two-headed ogre barely misses you.
You block the two-headed ogre's attack.
You feel very mighty all of a sudden. The two-headed ogre barely misses you.
You block the two-headed ogre's attack.
You hit the two-headed ogre.
The two-headed ogre is lightly wounded.
You hit the two-headed ogre. You drain the two-headed ogre.
The two-headed ogre is lightly wounded.
You slash the two-headed ogre!
The two-headed ogre hits you with a +1 great mace of flaming!!
The two-headed ogre burns you.
The two-headed ogre hits you with a +1 great mace of flaming!!
* * * LOW HITPOINT WARNING * * *
The two-headed ogre burns you!
* * * LOW HITPOINT WARNING * * *
The two-headed ogre hits you with a +0 giant club of flaming!
* * * LOW HITPOINT WARNING * * *
The two-headed ogre burns you.
You die...

.'.....'. ≈#
#8...8# #§
≈§###.....###§§
≈≈≈≈≈.....≈≈≈≈≈
≈≈≈≈≈8...8§≈≈≈#
≈≈§§≈.....≈≈###
##§§≈.....≈§#
#§§≈8.OO8§##
####..@..##
#.....# #8...8#
#.....# #.....#
#8...8# #.....#
#.....# #8...8#


You could see 2 two-headed ogres.

Vanquished Creatures
  Rupert (Lair:3)
  Erica (D:10)
  2 two-headed ogres
  3 orc knights (Bailey)
  6 black mambas
  A merfolk siren (Lair:2)
  2 elephants (Lair:4)
  4 cane toads
  7 komodo dragons
  3 trolls
  2 merfolk (Lair:2)
  3 blink frogs (Lair:2)
  A shadow (D:10)
  4 wyverns
  29 yaks
  2 steam dragons
  2 wargs (D:11)
  2 nagas (Lair:2)
  3 acid dragons (D:10)
  6 water moccasins
  13 orc warriors
  4 black bears
  A swamp drake (D:9)
  9 wolves
  6 centaurs
  A kobold brigand (D:7)
  An elf zombie (Ossuary)
  17 bullfrogs
  2 gnoll sergeants
  2 scorpions (D:6)
  7 wights
  4 killer bees (D:10)
  9 electric eels
  9 howler monkeys
  2 centaur zombies (Ossuary)
  A jelly (D:5)
  4 hounds
  8 orc priests
  9 hell rats (Lair:4)
  3 iguanas
  10 orc wizards
  3 ogre zombies (Ossuary)
  7 mummies (Ossuary)
  7 gnolls
  10 adders
  2 white imps
  An ufetubus (D:5)
  3 adder zombies (Ossuary)
  2 worms
  2 dart slugs
  65 orcs
  4 ball pythons
  A bat (D:1)
  4 endoplasms
  2 giant cockroaches (D:1)
  A gnoll zombie (Ossuary)
  5 goblins
  6 hobgoblins
  6 jackals
  11 kobolds
  2 quokkas
  2 frilled lizards
  A goblin zombie (Ossuary)
  3 hobgoblin zombies (Ossuary)
  5 kobold zombies (Ossuary)
  An orc zombie (Ossuary)
  5 quokka zombies (Ossuary)
  6 rats
  5 rat zombies (Ossuary)
378 creatures vanquished.

Vanquished Creatures (collateral kills)
  Nergalle (Lair:3)
  4 elephants (Lair:4)
  A cane toad (Lair:3)
  A komodo dragon (Lair:2)
  A merfolk (Lair:2)
  4 yaks (Lair:3)
  A naga (Lair:2)
  3 water moccasins
  A black bear (Lair:4)
  A bullfrog (Lair:3)
  4 hell rats (Lair:4)
22 creatures vanquished.

Vanquished Creatures (others)
  An orc wizard (Lair:2)
  2 orcs
3 creatures vanquished.

Grand Total: 403 creatures vanquished

Notes
Turn   | Place    | Note
-------+----------+-------------------------------------------
     0 | D:1      | randomguy2701 the Hill Orc Fighter began the quest for the
                  | Orb.
     0 | D:1      | Reached XP level 1. HP: 19/19 MP: 1/1
    69 | D:1      | Reached XP level 2. HP: 23/27 MP: 2/2
   207 | D:1      | Reached skill level 3 in Axes
   421 | D:1      | Reached XP level 3. HP: 30/33 MP: 3/3
   700 | D:2      | Reached skill level 4 in Axes
   851 | D:2      | Reached XP level 4. HP: 40/40 MP: 4/4
  1727 | D:3      | Found a bloodstained altar of Trog.
  2158 | D:4      | Reached skill level 5 in Fighting
  2158 | D:4      | Reached XP level 5. HP: 38/48 MP: 5/5
  2319 | D:4      | Noticed a black bear
  2328 | D:4      | Killed a black bear
  2329 | D:4      | Reached skill level 5 in Axes
  2329 | D:4      | Reached XP level 6. HP: 46/56 MP: 6/6
  2341 | D:4      | Found a radiant altar of Vehumet.
  2580 | D:5      | Entered Level 5 of the Dungeon
  2587 | D:5      | Reached skill level 1 in Dodging
  2651 | D:5      | Noticed a black bear
  2657 | D:5      | Killed a black bear
  2658 | D:5      | Reached skill level 6 in Axes
  2897 | D:5      | Reached XP level 7. HP: 52/61 MP: 7/7
  3094 | D:5      | Found a staircase to the Ecumenical Temple.
  3371 | D:6      | Reached skill level 7 in Axes
  3643 | D:6      | Found a sand-covered staircase.
  3648 | Ossuary  | Entered an ossuary
  3936 | Ossuary  | Reached XP level 8. HP: 60/70 MP: 6/8
  3938 | Ossuary  | Reached skill level 8 in Axes
  3965 | Ossuary  | Identified the ring "Bunliz" {Will+ Dex+5 Stlth+}
  4117 | Ossuary  | Reached skill level 5 in Armour
  4422 | D:6      | Reached skill level 9 in Axes
  5524 | D:7      | Noticed a wyvern
  5528 | D:7      | Killed a wyvern
  5587 | D:7      | Found the +1 Delatra's gloves {ID++}
  5693 | D:7      | Found a bloodstained altar of Trog.
  5699 | D:7      | Noticed Eugor's ghost (novice DECj)
  5704 | D:7      | Found a transporter.
  5707 | D:7      | Found a transporter.
  5709 | D:7      | Noticed a moth of wrath
  5775 | D:7      | You fall into a shaft and drop 2 floors!
  5826 | D:9      | Identified the staff "Ebuiruam" {rF+ SInv Conj}
  5858 | D:9      | Noticed a hornet
  6022 | D:9      | Reached skill level 5 in Shields
  6022 | D:9      | Reached XP level 9. HP: 72/79 MP: 9/9
  6172 | D:8      | Reached skill level 10 in Axes
  6286 | D:8      | Reached skill level 1 in Stealth
  6415 | D:8      | Found a flagged portal.
  6449 | D:8      | Reached skill level 11 in Axes
  6534 | Bailey   | Entered a bailey
  6823 | Bailey   | Noticed an orc knight
  6842 | Bailey   | Killed an orc knight
  6843 | Bailey   | Reached skill level 12 in Axes
  6843 | Bailey   | Reached XP level 10. HP: 6/90 MP: 1/10
  7087 | Bailey   | Noticed an orc knight
  7131 | Bailey   | Killed an orc knight
  7234 | Bailey   | Noticed an orc knight
  7424 | Bailey   | Killed an orc knight
  7716 | D:8      | Became a worshipper of Beogh the Brigand
  7735 | D:8      | Found a roughly hewn altar of Beogh.
  8076 | D:8      | Found an opulent altar of Gozag.
  8210 | D:7      | Reached * piety under Beogh
  9592 | D:9      | Noticed a two-headed ogre
  9601 | D:9      | Killed a two-headed ogre
  9602 | D:9      | Reached skill level 13 in Axes
  9905 | D:9      | Reached XP level 11. HP: 97/97 MP: 11/11
  9909 | D:9      | Reached ** piety under Beogh
  9915 | D:9      | Found a staircase to the Orcish Mines.
 10058 | D:9      | Found Ecwary's General Store.
 10123 | D:9      | Found Courph's Magic Scroll Shoppe.
 10286 | D:10     | Entered Level 10 of the Dungeon
 10329 | D:10     | Found Hothratt's Gadget Gallery.
 10358 | D:10     | Found a hide-covered altar of Uskayaw.
 10379 | D:10     | Reached skill level 10 in Armour
 10493 | D:10     | Reached skill level 14 in Axes
 10635 | D:10     | Noticed a two-headed ogre
 10641 | D:10     | Killed a two-headed ogre
 10659 | D:10     | Reached skill level 10 in Fighting
 10890 | D:10     | Noticed Erica
 10896 | D:10     | Killed Erica
 11083 | D:10     | Found a runed translucent gate.
 11085 | D:10     | Found a runed translucent gate.
 11085 | D:10     | Found a runed translucent gate.
 11086 | D:10     | Identified the +2 chain mail of Refuge {rC+}
 11087 | D:10     | Noticed Lemondrips's ghost (journeyman DsSh)
 11097 | D:10     | Found a roughly hewn altar of Beogh.
 11127 | D:11     | Noticed a two-headed ogre
 11214 | D:11     | Reached skill level 1 in Invocations
 11226 | D:11     | Noticed a two-headed ogre
 11234 | D:10     | Reached *** piety under Beogh
 11294 | D:11     | Found a staircase to the Lair.
 11345 | Lair:1   | Entered Level 1 of the Lair of Beasts
 11486 | Lair:1   | Reached skill level 15 in Axes
 11555 | Lair:1   | Reached XP level 12. HP: 110/110 MP: 14/14
 11797 | Lair:1   | Identified the +6 spear of Tumnuot {venom, *Noise rElec
                  | Str+3}
 12258 | Lair:2   | Reached skill level 5 in Invocations
 12373 | Lair:2   | Reached **** piety under Beogh
 12523 | Lair:2   | Reached skill level 16 in Axes
 12810 | Lair:2   | Found a staircase to the Snake Pit.
 13215 | Lair:2   | Found a staircase to the Shoals.
 13981 | Lair:3   | Noticed Rupert
 13992 | Lair:3   | Killed Rupert
 14035 | Lair:3   | Reached XP level 13. HP: 113/119 MP: 18/18
 14047 | Lair:3   | Noticed Nergalle
 14053 | Lair:3   | Killed Nergalle
 14105 | Lair:3   | Gained Gorm as an ally
 14185 | Lair:3   | Found a runed translucent gate.
 14185 | Lair:3   | Found a runed translucent gate.
 14185 | Lair:3   | Found a runed translucent gate.
 14186 | Lair:3   | Noticed Joey1's ghost (journeyman MiBe)
 14221 | Lair:3   | Found a viscous altar of Jiyva.
 14853 | Lair:4   | Reached ***** piety under Beogh
 14933 | Lair:4   | Found a viscous altar of Jiyva.
 14934 | Lair:4   | Found a staircase to the Slime Pits.
 15147 | Lair:4   | Found a dark tunnel.
 15180 | Volcano  | Entered a volcano
 15215 | Volcano  | Found a burning altar of Makhleb.
 15260 | Volcano  | HP: 3/115 [two-headed ogre/+0 giant club of flaming (15)]
 15260 | Volcano  | Slain by a two-headed ogre

Illustrated notes

Levels and vault maps discovered:
D:1:      denvon_arrival_planthouse, layout_rooms
D:2:      layout_rooms, amcnicky_mini_pool_small, serial_bayou_pond_a
D:3:      layout_loops_corners, mainiacjoe_overflow_six_doors_small
D:4:      layout_rooms, vehumet_crystals, grunt_decor_arrowhead,
          kennysheep_generic_room_15
D:5:      layout_cave_pools, minmay_temple_entry_from_below_b
D:6:      layout_basic, serial_glass, glass_columns_a, glass_columns_a,
          glass_columns_b, glass_columns_a, glass_columns_a, glass_columns_b,
          glass_columns_a, glass_columns_a, enter_ossuary_5, kennysheep_boxes
D:7:      layout_basic, gammafunk_ghost_wrathful_warriors
D:8:      layout_rooms, kennysheep_little_box, enter_bailey_6, special_room
          [special_room_orc]
D:9:      layout_loops_corners, erik_orc_1, nicolae_wooded_promenade
D:10:     layout_stronghold, mainiacjoe_overflow_catwalk,
          biasface_ghost_orc_armoury, hangedman_glass_teeth,
          nicolae_shop_gadgets, uniq_erica
D:11:     layout_loops_ring, erik_lair_orcish_takeover
Lair:1:   layout_gridlike, grunt_megastairs_4
Lair:2:   layout_long_grid, elwin_shoals_entry_stream,
          minmay_snake_entry_guardpost_small
Lair:3:   layout_long_grid, gammafunk_ghost_ooze, uniq_nergalle, uniq_rupert
Lair:4:   layout_hall_layers, slime_entry_1, nicolae_volcano_entry_s_turn,
          chequers_serial_rivers_small_b, nicolae_lair_lindhole,
          serial_bayou_shore_b
Volcano:  kennysheep_volcano_temple

Skill      XL: |  1  2  3  4  5  6  7  8  9 10 11 12 13 |
---------------+----------------------------------------+-----
Axes           | 3 4 5 6 7 9 12 13 15 16 | 16.8
Fighting       | 4 5 6 7 8 9 11 12 13 | 13.1
Armour         | 4 5 7 9 10 11 12 | 12.1
Dodging        | 1 2 |  2.4
Shields        | 4 5 6 7 8 9 |  9.0
Stealth        | 1 |  1.9
Invocations    | 3 6 8 |  8.0
Evocations     | |  0.4

Action                     |  1- 3 |  4- 6 |  7- 9 | 10-12 | 13-15 || total
---------------------------+-------+-------+-------+-------+-------++-------
  Melee: War axe           |    95 |   106 |   327 |   642 |    94 ||  1264
 Invoke: Convert to Beogh  |       |       |       |     1 |       ||     1
  Evoke: Wand              |       |       |     1 |     4 |     8 ||    13
    Use: Potion            |       |     1 |     1 |     8 |     3 ||    13
   Stab: Sleeping          |       |       |     1 |       |       ||     1
         Distracted        |       |       |       |     1 |     2 ||     3
 Armour: Scale mail        |    79 |    74 |   127 |       |       ||   280
         Plate armour      |       |       |   160 |   467 |    75 ||   702
  Dodge: Dodged            |    48 |    59 |   150 |   199 |    37 ||   493
  Block: Buckler           |    22 |    25 |    80 |   159 |    23 ||   309

Table legend: (Time is in decaauts)
 A = Elapsed time spent in this place.
 B = Non-inter-level travel time spent in this place.
 C = Inter-level travel time spent in this place.
 D = Time resting spent in this place.
 E = Time spent auto-exploring this place.
 F = Levels seen in this place.
 G = Mean time per level.
                   A        B        C        D        E       F      G
               +--------+--------+--------+--------+--------+-----+--------+
         Total |  15248 |  14234 |   1014 |   1203 |   9645 |  18 |  847.1 |
       Dungeon |   9702 |   8786 |    916 |    450 |   6318 |  11 |  882.0 |
          Lair |   3750 |   3652 |     98 |    635 |   2112 |   4 |  937.5 |
       Ossuary |    655 |    655 |      0 |      0 |    440 |   1 |  655.0 |
        Bailey |   1062 |   1062 |      0 |    112 |    775 |   1 | 1062.0 |
       Volcano |     78 |     78 |      0 |      6 |      0 |   1 |   78.0 |
               +--------+--------+--------+--------+--------+-----+--------+

Top non-repeatable levels by time:
  Lair:2: 1726 daAuts
     D:6: 1639 daAuts
     D:9: 1317 daAuts
     D:7: 1231 daAuts
  Bailey: 1062 daAuts
     D:3: 974 daAuts
    D:10: 889 daAuts
     D:5: 880 daAuts
  Lair:1: 846 daAuts
     D:8: 804 daAuts
  Lair:3: 803 daAuts
     D:4: 681 daAuts
 Ossuary: 655 daAuts
     D:1: 628 daAuts
     D:2: 508 daAuts
